 Dungeon Crawl Stone Soup version 0.23.2-1-ga50397a (webtiles) character file.

Game seed: 3820458291675400319

3682 Fang the Fighter (level 10, -12/65 HPs)
             Began as a Gargoyle Berserker on Apr 23, 2019.
             Was a High Priest of Trog.
             Killed by divine providence
             ... invoked by an orc priest
              (15 damage)
             ... on level 8 of the Dungeon.
             The game lasted 00:09:09 (7629 turns).

Fang the Fighter (Gargoyle Berserker)               Turns: 7629, Time: 00:09:10

Health: -12/65     AC: 18    Str: 24    XL:     10   Next: 13%
Magic:  10/10      EV: 11    Int:  8    God:    Trog [*****.]
Gold:   567        SH:  0    Dex: 11    Spells: 9/9 levels left

rFire    . . .     SeeInvis .   a - +0 war axe
rCold    . . .     Gourm    .   (no shield)
rNeg     + . .     Faith    .   z - +0 chain mail
rPois    ∞         Spirit   .   (no helmet)
rElec    +         Reflect  .   (no cloak)
rCorr    .         Harm     .   (no gloves)
MR       .....                  (no boots)
Stlth    ..........             (no amulet)
HPRegen  0.20/turn              n - +2 ring of dexterity
MPRegen  0.12/turn              (no ring)

@: berserk cooldown, slowed, very slow
A: negative energy resistance 1, electricity resistance, unbreathing,
petrification resistance, rot immunity, AC +7
a: Berserk, Trog's Hand, Brothers in Arms, Renounce Religion


You were on level 8 of the Dungeon.
You worshipped Trog.
Trog was extremely pleased with you.
You were very hungry.

You visited 2 branches of the dungeon, and saw 9 of its levels.

You collected 567 gold pieces.

Inventory:

Hand Weapons
 a - a +0 war axe (weapon)
Armour
 b - a +0 animal skin
 z - a +0 chain mail (worn)
Jewellery
 n - a +2 ring of dexterity (left hand)
Wands
 o - a wand of scattershot (3)
 p - a wand of polymorph (7)
 x - a wand of acid (9)
 y - a wand of iceblast (7)
Scrolls
 d - 3 scrolls of fear {unknown}
 e - 2 scrolls of remove curse {unknown}
 f - 3 scrolls of magic mapping {unknown}
 h - 3 scrolls of teleportation {unknown}
 k - 3 scrolls of enchant weapon {unknown}
 l - 2 scrolls of immolation {unknown}
 m - 2 scrolls of fog {unknown}
 s - a scroll of enchant armour {unknown}
 t - a scroll of amnesia {unknown}
 u - a scroll of identify {unknown}
 v - 2 scrolls of noise {unknown}
Potions
 g - a potion of brilliance {unknown}
 i - a potion of invisibility {unknown}
 j - 2 potions of flight {unknown}
 q - a potion of degeneration {unknown}
 r - 2 potions of curing {unknown}
 w - a potion of berserk rage {unknown}
 A - a potion of might
Comestibles
 c - 14 rations
 B - 2 chunks of flesh


   Skills:
 + Level 8.5 Fighting
 + Level 7.1 Axes
 + Level 8.1 Armour
 + Level 6.1 Dodging


You had 9 spell levels left.
You didn't know any spells.
Your spell library was empty.

Dungeon Overview and Level Annotations

Branches:
Dungeon (8/15)             Temple (1/1) D:7
   Lair: D:8-11

Altars:
Ashenzari
Dithmenos
Elyvilon
Fedhas
Hepliaklqana
Kikubaaqudgha
Makhleb
Nemelex Xobeh
Qazlal
Sif Muna
Trog
Uskayaw
Vehumet
Yredelemnul
Zin
The Shining One


Innate Abilities, Weirdness & Mutations

You are resistant to torment.
Your stone body is resilient. (AC +7)
You are immune to poison.
You resist negative energy. (rN+)
You are resistant to electric shocks. (rElec)
You can survive without breathing.
You are immune to petrification.
You are immune to rotting.


Message History

The orc priest shouts!
Things that are here:
a +0 battleaxe; a +0 chain mail; an orc corpse You feel a strong urge to attack something.
Some of the chunks of flesh in your inventory have rotted away.
You are no longer berserk.
You are exhausted.
You feel yourself slow down. The orc priest closely misses you.
Items here: )) [[ a +0 dagger; a +0 robe; a +0 flail; a +0 leather armour You closely miss the orc priest.
A centaur comes into view.
The orc priest invokes the aid of Beogh against you.
Beogh smites you!
* * * LOW HITPOINT WARNING * * *
You hit the orc priest.
The orc priest is moderately wounded.
The orc priest calls down the wrath of Beogh upon you.
Beogh smites you!
You die...

#..÷....# #......##.####....
#.......###......##.# ####.
#................##.#######.
#................##......<..
##########..................
##.................
#..............##.
#.).......##....##
#@####...#####...)
.....co.###.......####.#
....######.....##......# ..
#.###..# ####.# .. #...# #.#
##.....#.# ##.. #..#####.##
##... # #..###..#.
#.......##


You could see a centaur and an orc priest.

Vanquished Creatures
  2 hornets
  Prince Ribbit (D:8)
  Sigmund (D:3)
  3 ice beasts
  3 orc warriors
  A sky beast (D:6)
  An ogre (D:6)
  The ghost of Seifer the Slasher, an amateur DsGl (D:3)
  A centaur (D:8)
  A big kobold (D:6)
  A bullfrog (D:6)
  3 scorpions
  6 killer bees (D:8)
  2 howler monkeys
  3 crimson imps
  2 quasits (D:3)
  4 orc priests
  2 bullfrog skeletons
  11 orc wizards
  A centaur skeleton (D:5)
  2 hounds
  2 iguanas
  A jelly (D:8)
  Ijyb (D:3)
  3 hell rats (D:7)
  7 worker ants
  A hound zombie (D:7)
  A hound skeleton (D:7)
  2 worker ant zombies (D:7)
  A gnoll (D:3)
  6 river rats (D:7)
  3 adders
  2 shadow imps (D:7)
  2 adder zombies (D:5)
  2 adder skeletons
  2 dart slugs
  5 leopard geckos
  26 orcs
  7 bats
  8 giant cockroaches
  10 goblins
  6 hobgoblins
  9 jackals
  9 quokkas
  2 ball pythons
  2 frilled lizards
  2 jackal skeletons
  12 kobolds
  A leopard gecko zombie (D:5)
  3 quokka skeletons (D:5)
  19 rats
209 creatures vanquished.

Notes
Turn   | Place    | Note
-------+----------+-------------------------------------------
     0 | D:1      | Fang the Gargoyle Berserker began the quest for the Orb.
     0 | D:1      | Reached XP level 1. HP: 14/14 MP: 1/1
    72 | D:1      | Reached XP level 2. HP: 19/19 MP: 2/2
   595 | D:1      | Reached XP level 3. HP: 23/23 MP: 3/3
   659 | D:1      | Reached ** piety under Trog
   999 | D:2      | Found a stormy altar of Qazlal.
  1261 | D:3      | Found a transporter.
  1281 | D:3      | Noticed Seifer's ghost (amateur DsGl)
  1340 | D:3      | Noticed Ijyb
  1357 | D:3      | Killed Ijyb
  1357 | D:3      | Reached XP level 4. HP: 17/29 MP: 4/4
  1613 | D:3      | Found a transporter.
  1641 | D:3      | Noticed Sigmund
  1655 | D:3      | Killed Sigmund
  1655 | D:3      | Reached XP level 5. HP: 11/34 MP: 5/5
  1655 | D:3      | Reached XP level 6. HP: 13/39 MP: 6/6
  1939 | D:3      | Found a shadowy altar of Dithmenos.
  2047 | D:3      | Killed Seifer's ghost
  2047 | D:3      | Reached skill level 5 in Fighting
  2244 | D:3      | Reached XP level 7. HP: 33/44 MP: 7/7
  2832 | D:4      | Reached *** piety under Trog
  3066 | D:4      | Found a sparkling altar of Nemelex Xobeh.
  3253 | D:5      | Entered Level 5 of the Dungeon
  3276 | D:5      | Reached skill level 5 in Armour
  3533 | D:5      | Reached XP level 8. HP: 31/51 MP: 8/8
  4046 | D:5      | Found a basalt altar of Yredelemnul.
  4124 | D:6      | Reached skill level 5 in Axes
  4132 | D:6      | Received a gift from Trog
  4436 | D:6      | Reached **** piety under Trog
  5408 | D:7      | Reached XP level 9. HP: 51/56 MP: 9/9
  5480 | D:7      | HP: 3/85 [orc wizard/magic dart (10)]
  5481 | D:7      | Reached skill level 5 in Dodging
  6045 | D:7      | Reached ***** piety under Trog
  6275 | D:7      | Noticed a hornet
  6294 | D:7      | Killed a hornet
  6427 | D:7      | Found a staircase to the Ecumenical Temple.
  6440 | Temple   | Entered the Ecumenical Temple
  6446 | D:7      | Found a deep blue altar of Sif Muna.
  7193 | D:8      | Noticed Prince Ribbit
  7215 | D:8      | Killed Prince Ribbit
  7399 | D:8      | Noticed a hornet
  7417 | D:8      | Killed a hornet
  7417 | D:8      | Reached XP level 10. HP: 10/64 MP: 10/10
  7628 | D:8      | HP: 3/65 [orc priest/divine providence (15)]
  7629 | D:8      | Killed from afar by an orc priest

Skill      XL: |  1  2  3  4  5  6  7  8  9 10 |
---------------+-------------------------------+-----
Axes           | 3 4 5 6 7 |  7.1
Dodging        | 2 3 4 5 6 |  6.1
Armour         | 3 4 5 6 7 8 |  8.1
Fighting       | 4 5 6 8 |  8.5

Action                   |  1- 3 |  4- 6 |  7- 9 | 10-12 || total
-------------------------+-------+-------+-------+-------++-------
Melee: Hand axe          |   190 |    13 |       |       ||   203
       War axe           |       |    44 |   510 |    48 ||   602
Invok: Berserk           |     1 |     3 |     6 |     1 ||    11
       Trog's Hand       |     1 |       |     1 |       ||     2
 Stab: Sleeping          |     1 |       |       |       ||     1
  Eat: Chunk             |     2 |     3 |    19 |     2 ||    26
       Ration            |       |     1 |     1 |       ||     2
Armor: Animal skin       |    77 |    30 |   144 |       ||   251
       Chain mail        |       |       |   202 |    12 ||   214
       Skin              |       |       |     1 |       ||     1
Dodge: Dodged            |   147 |    65 |   425 |    31 ||   668
